Wisx, chaotic female elven Wizard ----------- ..........| |.........| +......<..| -- ---------- |.........| -. |........-#### ------.---- ## |......>.| # ### # |.......^| ### # ### |........| ## ### # |........| #### # ### --------.- # # # ### # # # ### # ### ### # # ## # # # #####-----------.-# ## # # #.........#..|a ---|--------#### |...........|@ |..........|########..^.........af |...........## ------------- ------------ Wisx the Conjurer Experience level: 4 Strength: 9 Dexterity: 18 Constitution: 10 Intelligence: 17 Wisdom: 8 Charisma: 13 Health: 0(32) Energy: 26(26) Def: 1 Gold: 312 Moves: 1859 Dungeon seed: l6dKWOWpuVDibCcj Game ID: Wisx_1675353897 Your Inventory: Weapons d - a blessed +1 quarterstaff (weapon in hands) t - a blessed +0 dart u - an uncursed +0 sling z - an uncursed +0 elven dagger A - an uncursed +0 orcish dagger D - an uncursed +0 silver saber Armor e - an uncursed +0 cloak of magic resistance (being worn) n - an uncursed +0 orcish helm Comestibles v - 2 uncursed food rations E - an uncursed lichen corpse Scrolls q - a cursed scroll of confuse monster Potions j - an uncursed potion of gain energy C - an uncursed potion of water Rings y - an uncursed ring of regeneration Wands b - an uncursed wand of striking (0:4) Tools h - an uncursed blindfold i - an uncursed wooden harp m - an uncursed tallow candle (0:200) w - an uncursed tin whistle K - an uncursed skeleton key Coins $ - 312 gold pieces Spells and supernatural/magical abilities: Name Level Category Cost Memory a - force bolt 1 attack 8pw 97% m - magic missile 2 attack 16pw 97% w - wizard lock 2 matter 25pw 97% H - speed monster 3 escape 37pw 97% W - pray for help -- divine ? -- Your skills at the end: Fighting Skills wands [Basic] Weapon Skills quarterstaff [Basic] Spellcasting Skills attack spells [Basic] enchantment spells [Basic] Final Attributes: You were piously aligned. You were immune to sleep. You were magic resistant. You saw invisible. You had infravision. Anhur was noncommittal. You are dead. Vanquished creatures: a black pudding 2 giant ants 3 rothes a gas spore 2 hobbits a large kobold 2 giant rats a cave spider a yellow mold a jackal a kobold 3 goblins 5 grid bugs 4 lichens 2 newts 30 creatures vanquished. Voluntary challenges: You were an atheist. You used a wielded weapon 16 times, starting on turn 191. You read items or engraved 2 times, starting on turn 1858. You never genocided any monsters. You never polymorphed an object. You never changed form. You used no wishes. You never split a pudding. You never wrote Elbereth's name. You never violated your personal moral code. Dungeon overview: The Dungeons of Doom: levels 1 to 5 Level 1 a fountain a long staircase Level 2 stairs to The Gnomish Mines Level 3 a fountain, a vault Level 4 a fountain Level 5 <- You were here a general store, a sink The Gnomish Mines: Level 3 stairs to The Dungeons of Doom History has recorded: On T:1 you entered the Dungeons of Doom to retrieve the Amulet of Yendor! On T:281 you reached level 2 of The Dungeons of Doom. On T:414 you reached level 3 of The Dungeons of Doom. On T:505 you reached level 1 of The Gnomish Mines. On T:790 you reached level 4 of The Dungeons of Doom. On T:1066 you reached level 5 of The Dungeons of Doom. On T:1270 you advanced to experience level 2. On T:1621 you advanced to experience level 3. On T:1662 you advanced to experience level 4. Score breakdown: Gold: 312 ( 8488 points) Experience: 4 levels ( 9649 points) Exploration: 5 levels ( 10.20%) ( 8660 points) Discoveries: 1 item ( 0.35%) ( 1770 points) Valuables value: (no points given unless you survive) Artifact value: 0 ( 0 points) Variety of kills: 15 monsters ( 3.95%) ( 5960 points) Turncount: 1859 turns ( 0 points) Survival: died (score multiplied by 80%) Total score: 27621 Latest messages: You hear some noises in the distance. E - a lichen corpse. You hear some noises in the distance. The door resists! The door opens. You hear some noises in the distance. (6x) You stop exploring. The giant ant bites! You hear some noises in the distance. The giant ant bites! (2x) You hear some noises nearby. The giant ant bites! The giant ant bites the housecat. The housecat bites the giant ant. The giant ant bites! You stop. Your housecat is in the way! The giant ant bites! (3x) You hit the giant ant. The giant ant bites! (3x) You write in the dust with your fingers. The giant ant bites! (3x) You add to the writing in the dust with your fingers. The giant ant bites! You die... For some reason, you think that you can almost hear the Wizard laugh manically... Final status: Goodbye Wisx the Wizard, killed by a giant ant... You died in The Dungeons of Doom on dungeon level 5 with 27621 points, and 312 pieces of gold, after 1859 moves. You were level 4 with a maximum of 32 hit points when you died.